 Dungeon Crawl Stone Soup version 0.29-a0-275-g389c0b56f3 (webtiles) character file.

Game seed: 17383406902948272783

4 epen the Chiller (level 1, -3/15 HPs)
             Began as a Naga Ice Elementalist on Mar 11, 2022.
             Slain by a hobgoblin (5 damage)
             ... on level 1 of the Dungeon.
             The game lasted 00:00:26 (258 turns).

epen the Chiller (Naga Ice Elementalist)             Turns: 258, Time: 00:00:26

Health: -3/15      AC:  1    Str: 10    XL:     1   Next: 60%
Magic:  3/3        EV:  9    Int: 15    God:
Gold:   0          SH:  0    Dex: 11    Spells: 3/4 levels left

rFire   . . .      SeeInvis +   c - +0 dagger
rCold   . . .      Faith    .   (no shield)
rNeg    . . .      Spirit   .   a - +0 robe
rPois   +          Reflect  .   (no helmet)
rElec   .          Harm     .   (no cloak)
rCorr   .          Rampage  .   (no gloves)
Will    .....                   (no barding)
Stlth   ++........              (no amulet)
HPRegen 0.05/turn               (no ring)
MPRegen 0.08/turn               (no ring)

@: very slow
A: AC +0, large, see invisible, deformed body, poison resistance, slowness 2,
spit poison 1, naga tail 1
a: Spit Poison


You were on level 1 of the Dungeon.
You visited 1 branch of the dungeon, and saw 1 of its levels.

Inventory:

Hand Weapons
 c - a +0 dagger (weapon)
Armour
 a - a +0 robe (worn)
Potions
 b - a potion of magic


   Skills:
 + Level 0.3 Fighting
 + Level 1.6 Dodging
 - Level 3.0 Stealth
 + Level 2.0 Spellcasting
 + Level 4.0 Ice Magic


You had 3 spell levels left.
You knew the following spells:

 Your Spells              Type           Power      Damage    Failure   Level
a - Freeze                Ice            52%        1d7       4%          1

Your spell library contained the following spells:

 Spells                   Type           Power      Damage    Failure   Level
 Frozen Ramparts          Ice            26%        1d4       13%         3
 Ozocubu's Armour         Ice            13%        N/A       13%         3
 Hailstorm                Conj/Ice       7%         3d4       67%         4


Dungeon Overview and Level Annotations

Branches:
Dungeon (1/15)

Altars:


Innate Abilities, Weirdness & Mutations

Your serpentine skin is tough. (AC +0)
You have supernaturally acute eyesight. (SInv)
Armour fits poorly on your strangely shaped body.
Your system is resistant to poisons. (rPois)
You cover ground very slowly.
You can spit poison.
You have a snake-like lower body.


Message History

You hit the jackal but do no damage.
The jackal is almost dead.
The jackal barely misses you.
You hit the jackal.
You kill the jackal!
Aiming: Spit Poison (3% risk of failure)
Press: ? - help, Shift-Dir - straight line, f - hobgoblin
Aim: a hobgoblin (53% to hit)
The splash of poison hits the hobgoblin!
You kill the hobgoblin!
Things that are here:
a hobgoblin corpse; a jackal corpse You see here a +0 dagger.
c - a +0 dagger You have got your breath back.
c - a +0 dagger (weapon)
You start resting.
Magic restored.
You start resting.
HP restored.
A frilled lizard comes into view.
Found a dagger.
A frilled lizard is nearby!
A hobgoblin comes into view.
Found a glowing black potion.
Found a stone staircase leading down.
The hobgoblin shouts!
The frilled lizard hisses angrily.
You hear an angry hiss.
A hobgoblin comes into view.
The hobgoblin moves out of view.
A ball python comes into view.
You closely miss the hobgoblin.
A frilled lizard comes into view.
The frilled lizard bites you. The hobgoblin barely misses you.
The frilled lizard bites you. The hobgoblin hits you.
The frilled lizard hisses.
The hobgoblin shouts!
The hobgoblin attacks as you move away! The hobgoblin hits you.
* * * LOW HITPOINT WARNING * * *
The hobgoblin attacks as you move away! The hobgoblin hits you.
You die...

...........#
.S...).....###
.....l.....
..!....#
#Sg...#
#.....#
#.....#
#lg...#
#.@...#
#.....#
#.....#
#.....#
##รท#### #.#
#.# #.# #.#


You could see 2 hobgoblins, a ball python (wandering) and 2 frilled lizards.

Vanquished Creatures
  A hobgoblin (D:1)
  2 jackals (D:1)
3 creatures vanquished.

Notes
Turn   | Place    | Note
-------+----------+-------------------------------------------
     0 | D:1      | epen the Naga Ice Elementalist began the quest for the Orb.
     0 | D:1      | Reached XP level 1. HP: 15/15 MP: 3/3
   258 | D:1      | Slain by a hobgoblin

Illustrated notes

Levels and vault maps discovered:
D:1:      dpeg_arrival_line_fractal, layout_basic

Action                   || total
-------------------------++-------
Melee: Unarmed           ||     8
       Dagger            ||     1
 Cast: Freeze            ||     4
 Abil: Spit Poison       ||     1
Armor: Robe              ||     1
Dodge: Dodged            ||    14

Table legend: (Time is in decaauts)
 A = Elapsed time spent in this place.
 B = Non-inter-level travel time spent in this place.
 C = Inter-level travel time spent in this place.
 D = Time resting spent in this place.
 E = Time spent auto-exploring this place.
 F = Levels seen in this place.
 G = Mean time per level.
                   A        B        C        D        E       F      G
               +--------+--------+--------+--------+--------+-----+--------+
         Total |    274 |    274 |      0 |    200 |     26 |   1 |  274.0 |
       Dungeon |    274 |    274 |      0 |    200 |     26 |   1 |  274.0 |
               +--------+--------+--------+--------+--------+-----+--------+

Top non-repeatable levels by time:
     D:1: 274 daAuts
